 Dungeon Crawl Stone Soup version 0.25-a0-285-gcba6f664f8 (webtiles) character file.

Game seed: 1491455739229814499, levelgen mode: deterministic

830 floatRand the Slasher (level 7, -4/52 HPs)
             Began as a Demonspawn Fighter on Dec 11, 2019.
             Was a Priest of Uskayaw.
             Killed by divine providence
             ... invoked by an orc priest
              (8 damage)
             ... on level 5 of the Dungeon.
             The game lasted 00:05:52 (4509 turns).

floatRand the Slasher (Demonspawn Fighter)          Turns: 4509, Time: 00:05:53

Health: -4/52      AC: 12    Str: 16    XL:     7   Next: 65%
Magic:  0/16       EV:  8    Int:  9    God:    Uskayaw [***...]
Gold:   306        SH: 10    Dex: 19    Spells: 6/6 levels left

rFire    + . .     SeeInvis .   a - +0 long sword
rCold    . . .     Gourm    .   c - +0 shield
rNeg     . . .     Faith    +   b - +0 scale mail
rPois    .         Spirit   +   e - +0 helmet of Gallantry {rF+ rCorr} (curse)
rElec    .         Reflect  .   B - +2 cloak
rCorr    +         Harm     .   (no gloves)
MR       .....                  h - +0 pair of boots
Stlth    +.........             d - amulet of faith
HPRegen  0.17/turn              g - +4 ring of dexterity
MPRegen  0.30/turn              u - ring of magical power

@: no status effects
A: claws 1, magic shield, magic regeneration
a: Stomp, Line Pass, Renounce Religion


You were on level 5 of the Dungeon.
You worshipped Uskayaw.
Uskayaw was noncommittal.
You were near starving.

You visited 2 branches of the dungeon, and saw 6 of its levels.

You collected 306 gold pieces.

Inventory:

Hand Weapons
 a - a +0 long sword (weapon)
Armour
 b - a +0 scale mail (worn)
 c - a +0 shield (worn)
 e - the cursed +0 helmet of Gallantry (worn) {rF+ rCorr}
   (You found it on level 5 of the Dungeon)

   It protects you from fire.
   It provides partial protection from all sources of acid and corrosion.
   It has a curse placed upon it.
 h - a +0 pair of boots (worn)
 B - a +2 cloak (worn)
Jewellery
 d - an amulet of faith (around neck)
 g - a +4 ring of dexterity (left claw)
 u - a ring of magical power (right claw)
 A - a cursed -5 ring of strength {unknown}
Scrolls
 i - a scroll of blinking {unknown}
 k - a scroll of vulnerability {unknown}
 o - 3 scrolls of noise
 p - 4 scrolls of teleportation
 q - a scroll of fog {unknown}
 x - a scroll of remove curse
Potions
 j - a potion of haste {unknown}
 l - 2 potions of degeneration {unknown}
 m - 4 potions of curing {unknown}
 n - 4 potions of lignification
 s - 2 potions of magic {unknown}
 t - 3 potions of mutation {unknown}
 w - a potion of brilliance {unknown}
 z - a potion of berserk rage {unknown}
 C - a potion of agility
Comestibles
 f - 7 rations


   Skills:
 - Level 3.0 Fighting
 + Level 5.5 Long Blades
 + Level 4.6 Armour
 + Level 2.2 Dodging
 + Level 0.6 Stealth
 + Level 4.4 Shields


You had 6 spell levels left.
You didn't know any spells.
Your spell library was empty.

Dungeon Overview and Level Annotations

Branches:
Dungeon (5/15)             Temple (1/1) D:5

Altars:
Ashenzari
Elyvilon
Gozag
Hepliaklqana
Kikubaaqudgha
Okawaru
Ru
Sif Muna
Trog
Uskayaw
Wu Jian
Xom
Yredelemnul
Zin
The Shining One


Innate Abilities, Weirdness & Mutations

You have sharp fingernails.
When hurt, damage is shared between your health and your magic reserves.
You regenerate magic rapidly.


Message History

The orc priest begins to cast a cantrip, but forgets the words!
The ogre closely misses you.
You riposte.
You slash the ogre!
The ogre is moderately wounded.
You block the orc priest's attack.
Unknown command.
You slash the ogre!
The ogre is heavily wounded.
The ogre closely misses you.
You riposte.
You hit the ogre.
The ogre is severely wounded.
Uskayaw will force your foes to helplessly watch your dance.
Uskayaw prepares the audience for your solo!
The helpless ogre fails to defend itself.
You hit the ogre.
The ogre is severely wounded.
The ogre is no longer paralysed.
You block the ogre's attack.
You hit the ogre.
The ogre is severely wounded.
The orc priest calls down the wrath of Beogh upon you.
Beogh smites you!
You die...

*,,,,,*<,,,,,,,,*
#.....#,,,,,,,*,*
########.....#,*,*,*,#.*
#............#,,,,,,,#.#
#............####**###.##
#................* #.#...
#................* #.....
#................* #.....
#.......@........**#.....
#......O#.........##.....
######.o.#........#......
###.####............
#)####.......#..##
#)..#........##.##
###.#.............
######........####.....
#......##.....###......


You could see an ogre and an orc priest.

Vanquished Creatures
  Menkaure (D:5)
  A phantom (D:4)
  An ice beast (D:5)
  A sky beast (D:5)
  A crimson imp (D:5)
  2 hounds
  An orc wizard (D:5)
  2 orc priests (D:3)
  An iguana (D:4)
  2 worker ants (D:4)
  A hound skeleton (D:4)
  7 adders
  A shadow imp (D:5)
  2 oozes (D:1)
  An adder zombie (D:5)
  2 dart slugs (D:1)
  5 leopard geckos
  6 orcs
  2 giant cockroaches
  10 goblins
  10 hobgoblins
  4 jackals (D:1)
  5 quokkas
  6 bats
  6 frilled lizards
  A jackal skeleton (D:2)
  11 kobolds
  A quokka zombie (D:5)
  9 rats
103 creatures vanquished.

Notes
Turn   | Place    | Note
-------+----------+-------------------------------------------
     0 | D:1      | floatRand the Demonspawn Fighter began the quest for the
                  | Orb.
     0 | D:1      | Reached XP level 1. HP: 18/18 MP: 1/1
    98 | D:1      | Gained mutation: When hurt, damage is shared between your
                  | health and your magic reserves. [demonic ancestry]
    98 | D:1      | Reached XP level 2. HP: 24/24 MP: 2/2
   128 | D:1      | Reached skill level 2 in Long Blades
   321 | D:1      | Reached XP level 3. HP: 29/29 MP: 3/3
  1200 | D:2      | Gained mutation: You regenerate magic rapidly. [demonic
                  | ancestry]
  1200 | D:2      | Reached XP level 4. HP: 33/35 MP: 4/4
  1263 | D:2      | Reached skill level 3 in Long Blades
  1375 | D:2      | Found an ornate altar of the Wu Jian Council.
  1495 | D:2      | Found an iron altar of Okawaru.
  1520 | D:2      | Found a shimmering altar of Xom.
  1617 | D:2      | Found a sacrificial altar of Ru.
  2146 | D:3      | Reached XP level 5. HP: 13/41 MP: 1/5
  2426 | D:3      | Found a basalt altar of Yredelemnul.
  2525 | D:3      | Found a hazy altar of Hepliaklqana.
  2669 | D:3      | Found a white marble altar of Elyvilon.
  2905 | D:4      | Reached skill level 4 in Long Blades
  2964 | D:4      | Reached skill level 1 in Dodging
  2979 | D:4      | Noticed a phantom
  3005 | D:4      | Killed a phantom
  3005 | D:4      | Reached XP level 6. HP: 43/47 MP: 6/6
  3455 | D:5      | Entered Level 5 of the Dungeon
  3757 | D:5      | Noticed an ice beast
  3783 | D:5      | Killed an ice beast
  3783 | D:5      | Reached skill level 5 in Long Blades
  3783 | D:5      | Gained mutation: You have sharp fingernails. [demonic
                  | ancestry]
  3783 | D:5      | Reached XP level 7. HP: 41/52 MP: 7/7
  3832 | D:5      | Identified the cursed +0 helmet of Gallantry {rF+ rCorr}
                  | (You found it on level 5 of the Dungeon)
  3928 | D:5      | Found a staircase to the Ecumenical Temple.
  3930 | D:5      | Noticed Menkaure
  3937 | Temple   | Entered the Ecumenical Temple
  4071 | Temple   | Became a worshipper of Uskayaw the Reveler
  4096 | D:5      | Reached * piety under Uskayaw
  4103 | D:5      | Reached ** piety under Uskayaw
  4104 | D:5      | Reached *** piety under Uskayaw
  4107 | D:5      | Killed Menkaure
  4111 | D:5      | Reached **** piety under Uskayaw
  4509 | D:5      | Killed from afar by an orc priest

Levels and vault maps discovered:
D:1:      elethiomel_arrival_infinity_welcomes_careful_drivers, layout_basic
D:2:      layout_loops_ring, nicolae_overflow_hidden_temple,
          lemuel_crystal_altar, nicolae_ru_path_of_blood,
          kennysheep_okawaru_gauntlet, minmay_guardbox
D:3:      layout_loops_cross, overflow_temple_1_default, elyvilon_altar_1,
          yredelemnul_altar_generic
D:4:      layout_rooms, serial_glass, glass_columns_b, glass_columns_c
D:5:      layout_rooms, minmay_temple_entry_mini_moons, first_ration,
          grunt_ministairs_3, uniq_menkaure
Temple:   dshaligram_water_room_temple

Skill      XL: |  1  2  3  4  5  6  7 |
---------------+----------------------+-----
Shields        | 3 4 |  4.4
Long Blades    | 2 3 4 5 |  5.5
Armour         | 3 4 |  4.6
Dodging        | 1 2 |  2.2
Fighting       | |  3.0
Stealth        | |  0.6

Action                   |  1- 3 |  4- 6 |  7- 9 || total
-------------------------+-------+-------+-------++-------
Melee: Long sword        |   112 |   230 |    85 ||   427
Invok: Line Pass         |       |       |     1 ||     1
  Use: Potion            |       |     1 |     2 ||     3
       Scroll            |       |     1 |     5 ||     6
 Stab: Paralysed         |       |       |     2 ||     2
  Eat: Chunk             |       |    10 |     1 ||    11
Armor: Scale mail        |    62 |   106 |    31 ||   199
       Skin              |       |       |     9 ||     9
Dodge: Dodged            |    23 |    81 |    25 ||   129
Block: Shield            |    56 |   139 |    47 ||   242
       Rpst.: Long sword |     8 |    25 |    10 ||    43

Table legend:
 A = Non-vault XP
 B = Vault XP
 C = Vault XP percentage of total XP
 D = Non-vault monster count
 E = Vault monster count
 F = Vault count percentage of total count
                 A         B        C        D         E       F
            +---------+---------+-------+---------+---------+-------
      Total |     999 |     188 |  15.8 |      90 |      13 |  12.6
            +---------+---------+-------+---------+---------+-------
        D:1 |      66 |       0 |   0.0 |      29 |       0 |   0.0
        D:2 |      68 |      16 |  19.0 |      19 |      12 |  38.7
        D:3 |     136 |       0 |   0.0 |      18 |       0 |   0.0
        D:4 |     303 |       0 |   0.0 |       7 |       0 |   0.0
        D:5 |     413 |     172 |  29.4 |      16 |       1 |   5.9
     Temple |      13 |       0 |   0.0 |       1 |       0 |   0.0
            +---------+---------+-------+---------+---------+-------
